 Dungeon Crawl Stone Soup version 0.30-b1-2-g02819fbbbe (webtiles) character file.

Game seed: 6164372616013474935

(classic levelgen) 659 EnegeticOcto the Chopper (level 7, 0/61 HPs)
             Began as a Minotaur Fighter on May 9, 2023.
             Was a Believer of Okawaru.
             Slain by a gnoll sergeant
             ... wielding a +2 trident of flaming
              (1 damage)
             ... on level 5 of the Dungeon.
             The game lasted 00:02:04 (3709 turns).

EnegeticOcto the Chopper (Minotaur Fighter)         Turns: 3709, Time: 00:02:04

Health: 0/61       AC:  7    Str: 22    XL:     7   Next: 30%
Magic:  7/7        EV:  9    Int:  5    God:    Okawaru [**....]
Gold:   189        SH: 10    Dex: 10    Spells: 6/6 levels left

rFire   . . .        a - +0 war axe (heavy)
rCold   . . .        c - +0 buckler
rNeg    . . .        b - +0 scale mail
rPois   .            (helmet restricted)
rElec   .            (no cloak)
rCorr   .            (no gloves)
SInv    .            (no boots)
Will    .....        l - amulet of reflection Stlth
                     (no ring)
HPRegen 0.30/turn    (no ring)
MPRegen 0.10/turn

%: reflection
@: lethally poisoned (0 -> -18)
A: horns 2, retaliatory headbutt
a: Renounce Religion, Heroism


You were on level 5 of the Dungeon.
You worshipped Okawaru.
Okawaru was pleased with you.
You visited 1 branch of the dungeon, and saw 5 of its levels.

You collected 189 gold pieces.

Inventory:

Hand Weapons
 a - a +0 heavy war axe (weapon)
Armour
 b - a +0 scale mail (worn)
 c - a +0 buckler (worn)
Jewellery
 l - an amulet of reflection (around neck)
   (You found it on level 2 of the Dungeon)
Scrolls
 h - 2 scrolls of teleportation {@r3}
Potions
 d - a potion of might {@q3}
 e - 2 potions of attraction
 f - a potion of magic
 g - a potion of berserk rage
 i - a potion of heal wounds {unknown}
 j - 4 potions of curing {unknown}
 m - a potion of mutation {unknown}
 o - a potion of degeneration {unknown}
 q - 2 potions of lignification {unknown}
 t - 3 potions of brilliance {unknown}
 v - a potion of flight {unknown}
 w - a potion of invisibility
 x - a potion of haste {@q4}


   Skills:
 + Level 5.4 Fighting
 * Level 6.2 Axes
 + Level 5.4 Armour
 + Level 5.3 Shields
 + Level 2.2 Invocations


You had 6 spell levels left.
You didn't know any spells.
Your spell library was empty.

Dungeon Overview and Level Annotations

Branches:
Dungeon (5/15)
 Temple: D:4-7

Altars:
Okawaru

Shops:
D:1 !   D:4 :


Innate Abilities, Weirdness & Mutations

You have a pair of horns on your head.
You reflexively headbutt those who attack you in melee.


Message History

You now have 179 gold pieces (gained 14).
You open the door.
You hear the brisk hiss of a very distant avalanche of sand.
An ogre comes into view. It is wielding a +0 giant spiked club.
There is an open door here.
An ogre is nearby!
You barely miss the ogre.
The ogre hits you with a +0 giant spiked club.
You slice the ogre!!
The ogre is severely wounded.
You block the ogre's attack.
You slash the ogre!
You kill the ogre!
Okawaru accepts your kill.
Your Axes skill increases to level 6!
No target in view!
No target in view!
You see here a +0 giant spiked club.
There is an open door here.
As you open the door, it creaks loudly!
You hear an angry hiss.
An iguana comes into view.
An iguana is nearby!
An iguana is nearby!
There is an open door here.
The iguana hisses menacingly.
You barely miss the iguana. You headbutt the iguana.
The iguana is moderately wounded.
The iguana closely misses you. You block the iguana's attack.
You hit the iguana.
The iguana is heavily wounded.
The iguana bites you! x2
You slash the iguana!
The iguana is almost dead.
You block the iguana's attack.
You slash the iguana!
You kill the iguana!
Okawaru accepts your kill.
No target in view!
No target in view!
You hear the brisk hiss of a very distant avalanche of sand.
You hear the quick hiss of a very distant avalanche of sand.
Found 6 stones.
Found a leather armour.
Found a leather armour and a club.
You now have 189 gold pieces (gained 10).
A gnoll sergeant and 3 gnolls come into view.
The gnoll sergeant is wielding a +2 trident of flaming.
The gnoll sergeant shouts!
The gnoll shouts! x3
A gnoll comes into view. It is wielding a +1 spear of venom.
A gnoll comes into view. It is wielding a +0 spear.
The gnoll shouts! x2
You barely miss the gnoll. Your headbutt misses the gnoll.
You block the gnoll's attack. The gnoll barely misses you.
The gnoll sergeant hits you from afar with a +2 trident of flaming!
The gnoll sergeant burns you. The gnoll hits you with a +0 whip.
You slice the gnoll!!
You kill the gnoll!
Okawaru accepts your kill.
You slash the gnoll!
The gnoll sergeant hits you from afar with a +2 trident of flaming.
The gnoll sergeant burns you. You block the gnoll's attack.
The gnoll barely misses you.
The gnoll hits you from afar with a +1 spear of venom.
You are poisoned.
You block the gnoll's attack.
The gnoll sergeant hits you from afar with a +2 trident of flaming!
The gnoll sergeant burns you. The gnoll hits you with a +0 whip.
You are too injured to fight recklessly!
You are too injured to fight recklessly!
You are too injured to fight recklessly!
You are too injured to fight recklessly!
You are too injured to fight recklessly!
You are too injured to fight recklessly!
You are too injured to fight recklessly!
You are too injured to fight recklessly!
You are too injured to fight recklessly!
You are too injured to fight recklessly!
You feel sick.
The gnoll sergeant hits you with a +2 trident of flaming.
The gnoll sergeant burns you.
* * * LOW HITPOINT WARNING * * *
The gnoll hits you but does no damage. The gnoll hits you with a +0 whip!
* * * LOW HITPOINT WARNING * * *
The gnoll hits you but does no damage.
You are lethally poisoned!
You block the gnoll's attack.
You closely miss the gnoll sergeant. You slash the gnoll!
You completely miss the gnoll. You hit the gnoll.
You hit the gnoll but do no damage.
* * * LOW HITPOINT WARNING * * *
You feel very sick. The gnoll barely misses you.
You block the gnoll sergeant's attack. The gnoll barely misses you.
The gnoll hits you with a +1 spear of venom.
* * * LOW HITPOINT WARNING * * *
You are more poisoned.
The gnoll hits you but does no damage. x2; The gnoll barely misses you.
You block the gnoll's attack. x2
The gnoll sergeant hits you with a +2 trident of flaming.
You die...

#.....#####.
#.....#$?[#. .
#.....#[?$#. ..
#.....#)$$#. ...
#.....#####. ....
#...........
.....####........
......g)........#
......g@g.......#
......gg........#
................#
................#
#####........####
#........#
#........#
#........#


You could see a gnoll sergeant and 4 gnolls.

Vanquished Creatures
  Sigmund (D:5)
  An ogre (D:5)
  A gnoll bouda (D:4)
  2 orc priests (D:5)
  2 hounds
  Jessica (D:2)
  2 iguanas
  5 gnolls
  6 adders
  A white imp (D:5)
  3 dart slugs
  4 orcs
  5 ball pythons
  5 endoplasms
  A giant cockroach (D:1)
  3 goblins (D:2)
  8 hobgoblins
  6 jackals
  5 quokkas
  5 bats
  A frilled lizard (D:1)
  7 kobolds
  5 rats
80 creatures vanquished.

Notes
Turn   | Place    | Note
-------+----------+-------------------------------------------
     0 | D:1      | EnegeticOcto the Minotaur Fighter began the quest for the
                  | Orb.
     0 | D:1      | Reached XP level 1. HP: 19/19 MP: 0/0
   121 | D:1      | Reached XP level 2. HP: 17/27 MP: 1/1
   267 | D:1      | Found Jywodumus's Distillery.
   280 | D:1      | Reached skill level 3 in Axes
  1013 | D:2      | Reached XP level 3. HP: 33/33 MP: 2/2
  1124 | D:2      | Found a faded altar of an unknown god.
  1148 | D:2      | Prayed at the altar of an unknown god.
  1148 | D:2      | Became a worshipper of Warmaster Okawaru
  1148 | D:2      | Reached * piety under Okawaru
  1336 | D:2      | Noticed Jessica
  1340 | D:2      | Killed Jessica
  1341 | D:2      | Reached XP level 4. HP: 23/40 MP: 3/3
  1433 | D:2      | You fall into a shaft and drop 1 floor!
  1470 | D:3      | Reached skill level 4 in Axes
  2251 | D:4      | Reached XP level 5. HP: 24/47 MP: 4/4
  2553 | D:4      | Reached skill level 1 in Invocations
  2555 | D:4      | Reached skill level 5 in Axes
  2709 | D:4      | Found Merojed's Vocational Training.
  3179 | D:5      | Entered Level 5 of the Dungeon
  3243 | D:5      | Reached XP level 6. HP: 53/53 MP: 5/5
  3435 | D:5      | Noticed Sigmund
  3451 | D:5      | Killed Sigmund
  3451 | D:5      | Reached ** piety under Okawaru
  3452 | D:5      | Reached skill level 5 in Fighting
  3452 | D:5      | Reached skill level 5 in Armour
  3452 | D:5      | Reached skill level 5 in Shields
  3452 | D:5      | Reached XP level 7. HP: 52/61 MP: 7/7
  3579 | D:5      | Reached skill level 6 in Axes
  3709 | D:5      | HP: 1/61 [gnoll/+1 spear of venom[a gnoll sergeant] (3)]
  3709 | D:5      | Slain by a gnoll sergeant

Illustrated notes

Levels and vault maps discovered:
D:1:      psy_arrival_terrarium, layout_loops_ring, serial_shops, shop,
          minmay_pentomino_u4
D:2:      layout_loops_corners, dreamdust_ecumenical_altar_angels_and_demons,
          uniq_jessica
D:3:      layout_rooms, minmay_misc_feat_more_columns
D:4:      layout_cave_pods, amethyst_killhole, nicolae_shop_vocational
D:5:      layout_gridville, nicolae_ossuary_entry_catacombs,
          due_unseen_surprise, uniq_sigmund

Skill      XL: |  1  2  3  4  5  6  7 |
---------------+----------------------+-----
Axes           | 3 4 5 6 |  6.2
Armour         | 4 5 |  5.4
Shields        | 4 5 |  5.3
Fighting       | 4 5 |  5.4
Invocations    | 1 2 |  2.2

Action                     |  1- 3 |  4- 6 |  7- 9 || total
---------------------------+-------+-------+-------++-------
  Melee: War axe           |    75 |    76 |    15 ||   166
         Headbutt          |    11 |    12 |     1 ||    24
 Invoke: Heroism           |       |     1 |       ||     1
    Use: Scroll            |       |    10 |       ||    10
 Armour: Scale mail        |    33 |    22 |     5 ||    60
  Dodge: Dodged            |    27 |    26 |     7 ||    60
  Block: Buckler           |    28 |    61 |    13 ||   102
         Reflection        |       |     2 |       ||     2
